 Dungeon Crawl Stone Soup version 0.21-a0-437-ge5bf024 (webtiles) character file.

235 Dysjunc the Sneak (level 6, -4/44 HPs)
             Began as a Gnoll Enchanter on Nov 9, 2017.
             Shot with an arrow by a centaur (15 damage)
             ... on level 4 of the Dungeon.
             The game lasted 00:10:09 (4350 turns).

Dysjunc the Sneak (Gnoll Enchanter)                 Turns: 4350, Time: 00:10:09

Health: -4/44      AC:  2    Str: 13    XL:     6   Next: 6%
Magic:  13/13      EV: 15    Int: 17    God:
Gold:   204        SH:  0    Dex: 15    Spells: 3/15 levels left

rFire    . . .     SeeInvis .   x - +1 dagger (venom)
rCold    . . .     Gourm    .   (no shield)
rNeg     . . .     Faith    .   b - +0 robe
rPois    .         Spirit   .   (no helmet)
rElec    .         Reflect  .   (no cloak)
rCorr    .         Harm     .   (no gloves)
MR       .....                  (no boots)
Stlth    +++.......             (no amulet)
HPRegen  0.14/turn              (no ring)
MPRegen  0.13/turn              (no ring)

@: no status effects
A: distributed training, fangs 1, strong nose
a: no special abilities


You were on level 4 of the Dungeon.
You were not hungry.

You visited 1 branch of the dungeon, and saw 4 of its levels.

You collected 204 gold pieces.

Inventory:

Hand Weapons
 a - a +1 dagger
 w - a +0 blowgun
 x - a +1 dagger of venom (weapon)
Missiles
 g - 76 stones (quivered)
 j - 94 arrows
 s - 16 poisoned needles
Armour
 b - a +0 robe (worn)
Jewellery
 u - an uncursed ring of fire
Scrolls
 e - 2 scrolls of remove curse {unknown}
 f - 3 scrolls of immolation {unknown}
 h - a scroll of identify {unknown}
 p - a scroll of fog {unknown}
 q - a scroll of fear {unknown}
 r - a scroll of recharging {unknown}
 t - a scroll of amnesia {unknown}
Potions
 i - 3 potions of flight {unknown}
 k - a potion of cancellation {unknown}
 n - a potion of lignification {unknown}
 o - a potion of invisibility {unknown}
 v - a potion of curing {unknown}
 A - a potion of degeneration {unknown}
Books
 c - a book of Maledictions

   Spells                             Type                      Level
   a - Corona                         Hexes                        1
   b - Ensorcelled Hibernation        Hexes/Ice                    2
   c - Confuse                        Hexes                        3
   d - Tukima's Dance                 Hexes                        3
   e - Dazzling Spray                 Conjuration/Hexes            3
Comestibles
 d - 2 bread rations
 l - 2 royal jellies
 m - 3 meat rations
 z - 4 chunks of flesh


   Skills:
 + Level 1.7 Fighting
 + Level 3.1 Short Blades
 + Level 1.7 Long Blades
 + Level 1.7 Axes
 + Level 1.7 Maces & Flails
 + Level 1.7 Polearms
 + Level 1.7 Staves
 + Level 1.7 Slings
 + Level 1.7 Bows
 + Level 1.7 Crossbows
 + Level 1.7 Throwing
 + Level 1.7 Armour
 + Level 4.9 Dodging
 + Level 6.2 Stealth
 + Level 1.7 Shields
 + Level 1.7 Unarmed Combat
 + Level 5.2 Spellcasting
 + Level 1.3 Conjurations
 + Level 5.6 Hexes
 + Level 1.3 Charms
 + Level 1.3 Summonings
 + Level 1.3 Necromancy
 + Level 1.3 Translocations
 + Level 1.3 Transmutations
 + Level 1.3 Fire Magic
 + Level 1.3 Ice Magic
 + Level 1.3 Air Magic
 + Level 1.3 Earth Magic
 + Level 1.3 Poison Magic
 + Level 1.9 Invocations
 + Level 1.7 Evocations


You had 3 spell levels left.
You knew the following spells:

 Your Spells              Type           Power        Failure   Level  Hunger
a - Confuse               Hex            ###.....     4%          3    ###....
q - Ensorcelled Hibernat  Hex/Ice        ###...       4%          2    #......
s - Dazzling Spray        Conj/Hex       ###...       10%         3    ###....
w - Tukima's Dance        Hex            ###.....     4%          3    ###....
z - Corona                Hex            ###....      1%          1    None


Dungeon Overview and Level Annotations

Branches:
Dungeon (4/15)
 Temple: D:4-7

Altars:


Innate Abilities, Weirdness & Mutations

Your experience applies equally to all skills.
You have very sharp teeth.
Your uncanny sense of smell can sniff out nearby items.


Message History

You barely miss the centaur. Your punch misses the centaur.
You bite the centaur, but do no damage.
You kill the worker ant!
You have reached level 6!
Your experience leads to an increase in your attributes!
Increase (S)trength, (I)ntelligence, or (D)exterity?
You feel stronger. The centaur hits you.
The big kobold throws a stone.
The stone hits you.
You hit the centaur but do no damage.
The centaur is poisoned.
The centaur hits you.
The big kobold throws a stone.
The stone closely misses you. The centaur barely misses you.
You hit the centaur.
The centaur is lightly wounded.
The centaur hits you!
* * * LOW HITPOINT WARNING * * *
A hound comes into view.
The hound barks!
The big kobold throws a stone.
The stone barely misses you.
The centaur wields a shortbow.
The centaur shoots an arrow.
The arrow hits you!
You die...

........................
.........................
.....................h...
..............###(....K..
#.....#............?.....
#...###.....#..^.........
....##......##...........
.#..####.................
###.# #...##...@(†##... #
#.####..#..>....c......
#...##.......(......##.
##...#...#..............
##......####.............
........#...............#
#...#..#.##..##.#........
##.....##....####........
##..........###....


You could see a big kobold, a centaur and a hound.

Vanquished Creatures
  A jelly (D:3)
  An orc wizard (D:4)
  A bullfrog skeleton (D:4)
  Terence (D:2)
  A worker ant (D:4)
  5 worms
  A dart slug (D:4)
  A leopard gecko (D:3)
  7 orcs
  6 bats
  4 giant cockroaches
  4 goblins
  5 hobgoblins
  11 jackals (D:2)
  A quokka (D:2)
  6 frilled lizards
  8 kobolds
  7 rats
  2 plants (D:3)
73 creatures vanquished.

Vanquished Creatures (others)
  2 plants (D:3)
2 creatures vanquished.

Grand Total: 75 creatures vanquished

Notes
Turn   | Place    | Note
-------+----------+-------------------------------------------
     0 | D:1      | Dysjunc the Gnoll Enchanter began the quest for the Orb.
     0 | D:1      | Reached XP level 1. HP: 13/13 MP: 6/6
   354 | D:1      | Reached XP level 2. HP: 11/19 MP: 7/7
   478 | D:1      | Learned a level 2 spell: Ensorcelled Hibernation
  1116 | D:1      | You fall through a shaft!
  1364 | D:2      | Reached XP level 3. HP: 25/25 MP: 9/9
  1380 | D:2      | Reached skill level 5 in Spellcasting
  1407 | D:2      | Reached skill level 6 in Stealth
  1660 | D:2      | Reached skill level 1 in Invocations
  1742 | D:2      | Learned a level 3 spell: Confuse
  1746 | D:2      | Learned a level 3 spell: Tukima's Dance
  1750 | D:2      | Learned a level 3 spell: Dazzling Spray
  2200 | D:2      | Noticed Terence
  2211 | D:2      | Killed Terence
  2211 | D:2      | Reached skill level 1 in Fighting
  2211 | D:2      | Reached skill level 1 in Long Blades
  2211 | D:2      | Reached skill level 1 in Axes
  2211 | D:2      | Reached skill level 1 in Maces & Flails
  2211 | D:2      | Reached skill level 1 in Polearms
  2211 | D:2      | Reached skill level 1 in Staves
  2211 | D:2      | Reached skill level 1 in Slings
  2211 | D:2      | Reached skill level 1 in Bows
  2211 | D:2      | Reached skill level 1 in Crossbows
  2211 | D:2      | Reached skill level 1 in Throwing
  2211 | D:2      | Reached skill level 1 in Armour
  2211 | D:2      | Reached skill level 1 in Shields
  2211 | D:2      | Reached skill level 1 in Unarmed Combat
  2211 | D:2      | Reached skill level 1 in Evocations
  2211 | D:2      | Reached XP level 4. HP: 32/32 MP: 11/11
  2655 | D:3      | Reached skill level 1 in Conjurations
  2655 | D:3      | Reached skill level 1 in Charms
  2655 | D:3      | Reached skill level 1 in Summonings
  2655 | D:3      | Reached skill level 1 in Necromancy
  2655 | D:3      | Reached skill level 1 in Translocations
  2655 | D:3      | Reached skill level 1 in Transmutations
  2655 | D:3      | Reached skill level 1 in Fire Magic
  2655 | D:3      | Reached skill level 1 in Ice Magic
  2655 | D:3      | Reached skill level 1 in Air Magic
  2655 | D:3      | Reached skill level 1 in Earth Magic
  2655 | D:3      | Reached skill level 1 in Poison Magic
  2655 | D:3      | Reached XP level 5. HP: 37/37 MP: 12/12
  4339 | D:4      | Noticed a centaur
  4342 | D:4      | Noticed a big kobold
  4347 | D:4      | Reached XP level 6. HP: 31/44 MP: 13/13
  4350 | D:4      | Shot with an arrow by a centaur

Vault maps used:
D:1:      lightli_arrival_isolated_outpost, minmay_tetromino_i4
D:2:      uniq_terence
D:3:      kennysheep_six_static_rooms, minmay_tree_intersection, hex_tiny,
          st_stairs_14, corexii_shack, wad_woods_river_04
D:4:      minmay_temple_entry_junction, serial_shops, nicolae_shop_trees,
          uniq_menkaure, uniq_eustachio

Skill      XL: |  1  2  3  4  5 |
---------------+----------------+-----
Spellcasting   | 5 |  5.2
Stealth        | 6 |  6.2
Invocations    | 1 |  1.9
Fighting       | 1 |  1.7
Long Blades    | 1 |  1.7
Axes           | 1 |  1.7
Maces & Flails | 1 |  1.7
Polearms       | 1 |  1.7
Staves         | 1 |  1.7
Slings         | 1 |  1.7
Bows           | 1 |  1.7
Crossbows      | 1 |  1.7
Throwing       | 1 |  1.7
Armour         | 1 |  1.7
Shields        | 1 |  1.7
Unarmed Combat | 1 |  1.7
Evocations     | 1 |  1.7
Conjurations   | 1 |  1.3
Charms         | 1 |  1.3
Summonings     | 1 |  1.3
Necromancy     | 1 |  1.3
Translocations | 1 |  1.3
Transmutations | 1 |  1.3
Fire Magic     | 1 |  1.3
Ice Magic      | 1 |  1.3
Air Magic      | 1 |  1.3
Earth Magic    | 1 |  1.3
Poison Magic   | 1 |  1.3
Short Blades   | 3 |  3.1
Dodging        | |  4.9
Hexes          | |  5.6

Action                   |  1- 3 |  4- 6 || total
-------------------------+-------+-------++-------
Melee: Dagger            |   125 |   437 ||   562
       Bite              |    11 |    82 ||    93
       Punch             |       |     7 ||     7
 Cast: Ensorcelled Hiber |    11 |     3 ||    14
       Tukima's Dance    |       |     2 ||     2
 Stab: Sleeping          |    17 |    11 ||    28
       Distracted        |       |     1 ||     1
  Eat: Chunk             |     4 |     3 ||     7
       Meat ration       |       |     1 ||     1
Armor: Robe              |    14 |    12 ||    26
Dodge: Dodged            |    72 |    67 ||   139

Table legend:
 A = Spawn XP
 B = Non-spawn XP
 C = Spawn XP percentage of total XP
 D = Spawn monster count
 E = Non-spawn monster count
 F = Spawn count percentage of total count
 G = Total turns spent on level
                    A         B        C        D         E        F      G
               +---------+---------+-------+---------+---------+-------+---------
         Total |       0 |     337 |   0.0 |       0 |      71 |   0.0 |  4350
               +---------+---------+-------+---------+---------+-------+---------
           D:1 |       0 |      19 |   0.0 |       0 |      13 |   0.0 |  1116
           D:2 |       0 |     102 |   0.0 |       0 |      30 |   0.0 |  1514
           D:3 |       0 |      88 |   0.0 |       0 |      21 |   0.0 |  1438
           D:4 |       0 |     128 |   0.0 |       0 |       7 |   0.0 |   282
               +---------+---------+-------+---------+---------+-------+---------
